 Dungeon Crawl Stone Soup version 0.21.1-1-g345015fe64 (webtiles) character file.

132019 Kejsarherre the Peltast (level 17, -1/142 HPs)
             Began as a Formicid Fighter on May 3, 2018.
             Was a High Priest of Makhleb.
             Killed by Olgreb's Toxic Radiance
             ... invoked by a naga ritualist
              (4 damage)
             ... on level 4 of the Snake Pit.
             The game lasted 01:43:02 (22918 turns).

Kejsarherre the Peltast (Formicid Fighter)         Turns: 22918, Time: 01:43:03

Health: -1/142     AC: 29    Str: 29    XL:     17   Next: 68%
Magic:  27/27      EV: 15    Int: 21    God:    Makhleb [*****.]
Gold:   1657       SH: 22    Dex: 21    Spells: 16/30 levels left

rFire    + + .     SeeInvis +   V - +3 great sword (protect)
rCold    + . .     Gourm    .   S - +0 large shield
rNeg     . . .     Faith    .   n - +5 scale mail of Ru's Fury {*Drain Regen+ Int+3}
rPois    .         Spirit   .   (helmet unavailable)
rElec    .         Reflect  .   L - scarf {rC+ rF+}
rCorr    .         Harm     .   i - +3 pair of gauntlets of War {Slay+5}
MR       +++++                  G - +1 pair of boots of Yhunluja {rF+ Dex+6}
Stlth    +.........             h - amulet of regeneration
HPRegen  2.13/turn              z - ring of the Mage {Wiz MR++ Int+3}
MPRegen  0.20/turn              C - +3 ring of strength

@: mighty, agile, lethally poisoned (-1 -> -2), protection aura, regenerating
A: permanent stasis, dig shafts and tunnels, four strong arms, antennae 3, magic
resistance 2
a: Dig, Shaft Self, Minor Destruction, Lesser Servant of Makhleb, Major
Destruction, Greater Servant of Makhleb, Renounce Religion


You were on level 4 of the Snake Pit.
You worshipped Makhleb.
Makhleb was extremely pleased with you.
You were not hungry.

You visited 4 branches of the dungeon, and saw 27 of its levels.

You collected 2373 gold pieces.
You spent 716 gold pieces at shops.

Inventory:

Hand Weapons
 K - the +8 rapier "Nips" {pierce, rN+ Str+2 Dex-4}
   (You found it on level 5 of the Lair of Beasts)

   It inflicts extra damage upon your enemies.
   It affects your strength (+2).
   It affects your dexterity (-4).
   It protects you from negative energy.
 T - a +1 great sword
 V - a +3 great sword of protection (weapon)
Armour
 c - a +0 shield
 i - the +3 pair of gauntlets of War (worn) {Slay+5}
   (You found it on level 4 of the Dungeon)

   It affects your accuracy and damage with ranged weapons and melee attacks
   (+5).
 n - the +5 scale mail of Ru's Fury (worn) {*Drain Regen+ Int+3}
   (You found it on level 6 of the Lair of Beasts)

   It affects your intelligence (+3).
   It increases your rate of regeneration.
   It causes draining when unequipped.
 q - a +0 cloak
 G - the +1 pair of boots of Yhunluja (worn) {rF+ Dex+6}
   (You found it on level 1 of the Lair of Beasts)

   It affects your dexterity (+6).
   It protects you from fire.
 L - a scarf of resistance (worn)
 N - +0 ice dragon scales
 S - a +0 large shield (worn)
Magical Staves
 H - an uncursed staff of poison
 I - an uncursed staff of summoning
Jewellery
 h - an amulet of regeneration (around neck)
 z - the ring of the Mage (left hand) {Wiz MR++ Int+3}
   (You found it on level 12 of the Dungeon)

   [ring of wizardry]

   It improves your spell success rate.
   It affects your intelligence (+3).
   It affects your resistance to hostile enchantments.
 B - an uncursed ring of flight
 C - a +3 ring of strength (right hand)
Wands
 m - a wand of flame (31)
 t - a wand of enslavement (44)
 A - a wand of iceblast (17)
 D - a wand of paralysis (40)
 F - a wand of polymorph (8)
 O - a wand of scattershot (4)
Scrolls
 a - 8 scrolls of enchant armour
 b - 3 scrolls of fog
 j - 2 scrolls of immolation
 l - a scroll of brand weapon
 o - 6 scrolls of remove curse
 p - 4 scrolls of magic mapping
 s - a scroll of fear
 v - 4 scrolls of amnesia
 E - 6 scrolls of enchant weapon
 J - 10 scrolls of identify
Potions
 d - 3 potions of might
 e - 2 potions of agility
 g - 2 potions of magic
 k - 2 potions of cancellation
 r - 3 potions of lignification
 w - 4 potions of brilliance
 P - 2 potions of mutation
 W - a potion of flight
Books
 u - a book of Necromancy

   Spells                             Type                      Level
   a - Pain                           Necromancy                   1
   b - Animate Skeleton               Necromancy                   1
   c - Vampiric Draining              Necromancy                   3
   d - Regeneration                   Charms/Necromancy            3
   e - Animate Dead                   Necromancy                   4
   f - Borgnjor's Vile Clutch         Necromancy/Earth             5
 y - a book of Misfortune

   Spells                             Type                      Level
   a - Confusing Touch                Hexes                        1
   b - Confuse                        Hexes                        3
   c - Gell's Gravitas                Translocation                3
   d - Petrify                        Transmutation/Earth          4
   e - Metabolic Englaciation         Hexes/Ice                    5
   f - Yara's Violent Unravelling     Hexes/Transmutation          5
 M - a book of Minor Magic

   Spells                             Type                      Level
   a - Magic Dart                     Conjuration                  1
   b - Blink                          Translocation                2
   c - Call Imp                       Summoning                    2
   d - Slow                           Hexes                        2
   e - Conjure Flame                  Conjuration/Fire             3
   f - Mephitic Cloud                 Conjuration/Poison/Air       3
 Q - a book of Cantrips

   Spells                             Type                      Level
   a - Confusing Touch                Hexes                        1
   b - Animate Skeleton               Necromancy                   1
   c - Summon Small Mammal            Summoning                    1
   d - Apportation                    Translocation                1
 R - a book of Geomancy

   Spells                             Type                      Level
   a - Sandblast                      Earth                        1
   b - Passwall                       Transmutation/Earth          2
   c - Stone Arrow                    Conjuration/Earth            3
   d - Petrify                        Transmutation/Earth          4
   e - Lee's Rapid Deconstruction     Earth                        5
 U - a book of Spatial Translocations

   Spells                             Type                      Level
   a - Blink                          Translocation                2
   b - Shroud of Golubria             Charms/Translocation         2
   c - Lesser Beckoning               Translocation                3
   d - Gell's Gravitas                Translocation                3
   e - Teleport Other                 Translocation                3
   f - Passage of Golubria            Translocation                4
 X - a book of Debilitation

   Spells                             Type                      Level
   a - Corona                         Hexes                        1
   b - Slow                           Hexes                        2
   c - Inner Flame                    Hexes/Fire                   3
   d - Portal Projectile              Hexes/Translocation          3
   e - Cause Fear                     Hexes                        4
   f - Leda's Liquefaction            Hexes/Earth                  4
Comestibles
 f - 46 rations


   Skills:
 - Level 15.2 Fighting
 + Level 12.5 Long Blades
 - Level 15.2 Armour
 - Level 15.7 Shields
 - Level 7.0 Spellcasting
 - Level 6.0 Charms
 - Level 9.0 Necromancy
 - Level 8.0 Invocations


You had 16 spell levels left.
You knew the following spells:

 Your Spells              Type           Power        Failure   Level  Hunger
a - Animate Dead          Necr           N/A          1%          4    ###....
b - Regeneration          Chrm/Necr      #####.....   1%          3    #......
c - Passage of Golubria   Tloc           N/A          47%         4    ###....
d - Portal Projectile     Hex/Tloc       #.....       17%         3    #......


Dungeon Overview and Level Annotations

Branches:
Dungeon (15/15)            Temple (0/1) D:7            Lair (6/6) D:10
  Swamp (0/4) Lair:3        Snake (2/4) Lair:3        Slime (0/5) Lair:5
    Orc (2/2) D:10            Elf (0/3) Orc:2        Vaults (0/5) D:14
 Depths (0/5) D:15

Altars:
Cheibriados
Dithmenos
Kikubaaqudgha
Makhleb
Nemelex Xobeh
Uskayaw
Wu Jian
Xom
Beogh
Jiyva

Shops:
D:5 [   D:11 (   Orc:1 (   Orc:2 }*:[   Snake:3 !(?[

Annotations:
Lair:5 exclusion: 4 oklob plants
Snake:2 Asterion


Innate Abilities, Weirdness & Mutations

You cannot be hasted, slowed, berserked, paralysed or teleported.
You can dig through walls and to a lower floor.
Your four strong arms can wield two-handed weapons with a shield.
You have a pair of large antennae on your head. (SInv)
You are highly resistant to hostile enchantments. (MR++)


Message History

Makhleb accepts your kill. The black mamba bites your Executioner.
Your Executioner looks as sick as possible!
The black mamba poisons your Executioner!
Your Executioner hits the black mamba.
Your Executioner hits the black mamba! x2
You block the shock serpent's attack. The naga warrior closely misses you.
You block the naga ritualist's attack. The naga ritualist misses you.
The naga completely misses you.
The black mamba bites your Executioner!!
The naga warrior hits you but does no damage.
The naga sharpshooter mumbles some strange words.
The naga sharpshooter magically shoots an arrow.
The arrow hits you!
* * * LOW HITPOINT WARNING * * *
The naga sharpshooter shoots an arrow.
You block the arrow.
A naga comes into view. It is wielding a trident.
Unknown command.
Unknown command.
A demon appears!
You feel sick.
You die...

{ {#### ##2@##
##.NSN## {
##.N1NNN##{{
{#...SNNNN#{{
.N.....N.(..N..
..#.........##.
. ##...N...##
##.....##{
##...## {


You could see 3 naga warriors, a nagaraja, 3 naga sharpshooters, 2 naga
ritualists, a shock serpent, a black mamba, 5 nagas, a friendly Executioner and
a friendly blizzard demon.

Vanquished Creatures
  Vashnia (Snake:1)
  Kirke (Snake:2)
  The ghost of Oravi the Spry, an adept MfTm of Okawaru (D:15)
  An orc warlord (Orc:2)
  Louise (D:15)
  A yaktaur captain (D:15)
  A vault guard (D:14)
  9 hydras
  2 anacondas
  4 centaur warriors
  A death knight (D:12)
  11 two-headed ogres
  An ogre mage (D:15)
  A tengu warrior (D:14)
  3 orc high priests (Orc:2)
  6 death yaks (Lair:6)
  6 naga sharpshooters
  A deep elf knight (D:14)
  2 shock serpents (Snake:1)
  Sonja (Lair:3)
  5 skeletal warriors (D:12)
  A salamander mystic (Snake:4)
  2 wizards (D:14)
  8 orc knights
  A phantasmal warrior (D:12)
  2 mana vipers (Snake:1)
  4 deep elf magi
  4 orc sorcerers
  9 ugly things
  A salamander (Snake:1)
  2 cyclopes
  16 elephants
  2 manticores
  13 black mambas
  5 naga magi
  Psyche (D:8)
  14 spiny frogs
  2 kobold demonologists
  3 rime drakes
  12 komodo dragons
  A torpor snail (Lair:5)
  An efreet (D:14)
  A yaktaur (D:15)
  4 polar bears
  2 queen bees (D:12)
  A red devil (D:12)
  6 meliai (D:12)
  7 trolls
  5 hornets (Lair:6)
  A blink frog (shapeshifter) (D:15)
  13 blink frogs
  A dream sheep (Lair:6)
  A hornet (shapeshifter) (D:14)
  10 hippogriffs
  6 slime creatures
  A dream sheep (shapeshifter) (D:15)
  5 wraiths
  4 wyverns
  43 yaks
  11 spriggans (Lair:6)
  6 hogs
  A spriggan (shapeshifter) (D:13)
  5 basilisks
  A human (D:10)
  5 hungry ghosts
  A fire elemental (D:14)
  The ghost of tensugalgo the Ducker, an amateur DsGl (D:3)
  Menkaure (D:5)
  A warg (Orc:2)
  8 nagas
  11 water moccasins
  A soldier ant (D:14)
  2 hell hounds (D:10)
  5 porcupines
  46 orc warriors
  6 black bears
  3 ice beasts
  A hornet zombie (D:15)
  A necrophage (D:5)
  2 phantoms
  An eye of draining (D:12)
  17 ogres
  5 boggarts (Lair:6)
  15 centaurs
  22 wolves
  13 crocodiles
  15 bullfrogs
  6 big kobolds
  A wyvern skeleton (D:13)
  5 scorpions
  54 killer bees
  5 electric eels
  2 howler monkeys
  7 crimson imps
  3 bullfrog zombies
  A quasit (D:5)
  5 hounds
  4 jellies
  5 centaur skeletons
  30 orc priests
  4 bullfrog skeletons
  3 iguanas
  23 orc wizards
  10 worker ants
  6 hell rats (D:10)
  Terence (D:2)
  A hound zombie (D:9)
  A hound skeleton (D:4)
  A howler monkey zombie (D:5)
  A worker ant zombie (D:5)
  3 gnolls (D:2)
  A howler monkey skeleton (D:10)
  9 adders
  7 shadow imps
  An ooze (Lair:5)
  A worm (D:4)
  3 dart slugs
  9 leopard geckos
  104 orcs
  3 giant cockroaches
  7 goblins (D:2)
  11 hobgoblins
  13 jackals
  6 quokkas
  3 bats
  4 frilled lizards
  15 kobolds
  A quokka skeleton (D:7)
  2 rats
  2 plants (Snake:1)
866 creatures vanquished.

Vanquished Creatures (collateral kills)
  Rupert (Snake:1)
  Gastronok (Lair:3)
  Josephine (Lair:4)
  3 naga warriors
  An orc high priest (Orc:2)
  Urug (Lair:4)
  2 naga sharpshooters (Snake:1)
  A salamander mystic (Snake:1)
  A phantasmal warrior (D:12)
  2 ugly things (D:15)
  4 black mambas
  4 naga magi (Snake:1)
  A troll (Orc:1)
  A wraith (Lair:4)
  5 nagas
  3 orc warriors
  3 ogres (D:15)
  11 killer bees (D:12)
  2 orc wizards
  13 orcs
  2 kobolds
  A plant (Lair:2)
64 creatures vanquished.

Vanquished Creatures (others)
  A human (Snake:2)
  A bush (Lair:6)
  5 fungi
  10 plants
17 creatures vanquished.

Grand Total: 947 creatures vanquished

Notes
Turn   | Place    | Note
-------+----------+-------------------------------------------
     0 | D:1      | Kejsarherre the Formicid Fighter began the quest for the Orb.
     0 | D:1      | Reached XP level 1. HP: 18/18 MP: 1/1
   101 | D:1      | Reached XP level 2. HP: 23/24 MP: 2/2
   132 | D:2      | Found a hide-covered altar of Uskayaw.
   326 | D:2      | Reached XP level 3. HP: 25/29 MP: 3/3
   400 | D:2      | Noticed Terence
   518 | D:2      | Reached XP level 4. HP: 18/35 MP: 4/4
   764 | D:2      | Killed Terence
   849 | D:2      | Noticed a dagger
   849 | D:2      | Noticed a dagger
   954 | D:2      | Reached skill level 5 in Long Blades
   954 | D:2      | Reached XP level 5. HP: 18/41 MP: 5/5
  1030 | D:3      | Noticed a centaur
  1221 | D:3      | Killed a centaur
  1221 | D:3      | Reached XP level 6. HP: 47/47 MP: 6/6
  1298 | D:3      | Noticed tensugalgo's ghost (amateur DsGl)
  1353 | D:3      | Killed tensugalgo's ghost
  1353 | D:3      | Reached XP level 7. HP: 36/53 MP: 7/7
  1621 | D:4      | Found the +3 pair of gauntlets of War {Slay+5}
  1819 | D:4      | Reached skill level 5 in Shields
  1827 | D:4      | Reached XP level 8. HP: 58/61 MP: 8/8
  2077 | D:5      | Entered Level 5 of the Dungeon
  2141 | D:5      | Reached skill level 5 in Fighting
  2177 | D:5      | Reached skill level 5 in Armour
  2196 | D:5      | Found Ykant's Armour Shoppe.
  2343 | D:5      | Reached XP level 9. HP: 68/68 MP: 9/9
  2433 | D:5      | Noticed Menkaure
  2442 | D:5      | Killed Menkaure
  2529 | D:5      | Found a snail-covered altar of Cheibriados.
  2956 | D:6      | Found a snail-covered altar of Cheibriados.
  2956 | D:6      | Found an ornate altar of the Wu Jian Council.
  3490 | D:7      | Found a burning altar of Makhleb.
  3492 | D:7      | Found a sparkling altar of Nemelex Xobeh.
  3506 | D:7      | Became a worshipper of Makhleb the Destroyer
  3512 | D:7      | Found a staircase to the Ecumenical Temple.
  3934 | D:8      | Reached XP level 10. HP: 62/78 MP: 10/10
  3992 | D:8      | Reached * piety under Makhleb
  4024 | D:8      | Found an ancient bone altar of Kikubaaqudgha.
  4268 | D:8      | Noticed Psyche
  4278 | D:8      | Killed Psyche
  4516 | D:9      | Found a shimmering altar of Xom.
  4521 | D:9      | Found a shimmering altar of Xom.
  4521 | D:9      | Found a shimmering altar of Xom.
  4521 | D:9      | Found a shimmering altar of Xom.
  4521 | D:9      | Found a shimmering altar of Xom.
  4644 | D:9      | Noticed a two-headed ogre
  4691 | D:9      | Killed a two-headed ogre
  4978 | D:10     | Entered Level 10 of the Dungeon
  5081 | D:10     | Noticed a two-headed ogre
  5095 | D:10     | Killed a two-headed ogre
  5105 | D:10     | Found a staircase to the Lair.
  5159 | D:10     | Reached XP level 11. HP: 65/86 MP: 11/11
  5284 | D:10     | Reached ** piety under Makhleb
  5528 | D:10     | Reached skill level 10 in Shields
  5535 | D:10     | Reached skill level 10 in Long Blades
  5673 | D:10     | Found a staircase to the Orcish Mines.
  6047 | D:11     | Found Qicuxeah's Weapon Emporium.
  6111 | D:11     | Noticed a two-headed ogre
  6121 | D:11     | Killed a two-headed ogre
  6227 | D:11     | Reached *** piety under Makhleb
  6630 | D:12     | Noticed a two-headed ogre
  6631 | D:12     | Noticed a death knight
  6674 | D:11     | Killed a two-headed ogre
  6674 | D:11     | Reached skill level 10 in Fighting
  6674 | D:11     | Reached skill level 10 in Armour
  6674 | D:11     | Reached XP level 12. HP: 68/96 MP: 12/12
  6819 | D:12     | Found the ring of the Mage {Wiz MR++ Int+3}
  6841 | D:12     | Noticed a skeletal warrior
  6910 | D:11     | Learned a level 4 spell: Animate Dead
  6914 | D:11     | Learned a level 3 spell: Regeneration
  7041 | D:12     | Killed a death knight
  7066 | D:12     | Found a burning altar of Makhleb.
  7403 | D:12     | Reached **** piety under Makhleb
  7561 | D:12     | Noticed a centaur warrior
  7600 | D:12     | Killed a centaur warrior
  7751 | D:12     | Noticed a skeletal warrior
  7907 | Lair:1   | Entered Level 1 of the Lair of Beasts
  8012 | Lair:1   | Reached XP level 13. HP: 80/106 MP: 13/13
  8113 | Lair:1   | Reached ***** piety under Makhleb
  8113 | Lair:1   | Reached skill level 1 in Spellcasting
  8113 | Lair:1   | Reached skill level 1 in Invocations
  8187 | Lair:1   | Got a pair of brightly glowing boots
  8193 | Lair:1   | Identified the +1 pair of boots of Yhunluja {rF+ Dex+6} (You found it on level 1 of the Lair of Beasts)
  8500 | Lair:1   | Noticed a five-headed hydra
  8513 | Lair:1   | Killed a five-headed hydra
  8844 | Lair:2   | Noticed an eight-headed hydra
  8858 | Lair:2   | Killed an eight-headed hydra
  8869 | Lair:2   | Reached skill level 5 in Invocations
  9294 | Lair:2   | Reached skill level 5 in Spellcasting
 10136 | Lair:3   | Noticed Sonja
 10144 | Lair:3   | Killed Sonja
 10432 | Lair:3   | Found a staircase to the Snake Pit.
 10598 | Lair:3   | Found a staircase to the Swamp.
 10686 | Lair:3   | Noticed Gastronok
 10701 | Lair:3   | Killed Gastronok
 11144 | Lair:4   | Reached XP level 14. HP: 113/113 MP: 24/24
 11624 | Lair:4   | Noticed Josephine
 11639 | Lair:4   | Killed Josephine
 11780 | Lair:4   | Noticed Urug
 11831 | Lair:4   | Killed Urug
 12496 | Lair:5   | Got a smoking rapier
 12500 | Lair:5   | Identified the +8 rapier "Nips" {pierce, rN+ Str+2 Dex-4} (You found it on level 5 of the Lair of Beasts)
 12557 | Lair:5   | Reached skill level 1 in Charms
 12557 | Lair:5   | Reached skill level 1 in Necromancy
 13000 | Lair:5   | Found a runed door.
 13000 | Lair:5   | Found a viscous altar of Jiyva.
 13000 | Lair:5   | Found a staircase to the Slime Pits.
 13368 | Lair:6   | Entered Level 6 of the Lair of Beasts
 13593 | Lair:6   | Reached skill level 5 in Charms
 13593 | Lair:6   | Reached skill level 5 in Necromancy
 13751 | Lair:6   | Reached XP level 15. HP: 121/121 MP: 25/25
 14127 | Lair:6   | Got a smoking scale mail
 14128 | Lair:6   | Identified the +5 scale mail of Ru's Fury {*Drain Regen+ Int+3} (You found it on level 6 of the Lair of Beasts)
 14339 | Lair:6   | Reached ****** piety under Makhleb
 14686 | Orc:1    | Entered Level 1 of the Orcish Mines
 14800 | Orc:1    | Found Busch's Weapon Shop.
 15271 | Orc:2    | Entered Level 2 of the Orcish Mines
 15603 | Orc:2    | Found a roughly hewn altar of Beogh.
 15715 | Orc:2    | Found Coabbeing's Gadget Boutique.
 15740 | Orc:2    | Found Viagal's General Store.
 16156 | Orc:2    | Noticed an orc warlord
 16165 | Orc:2    | Found a roughly hewn altar of Beogh.
 16210 | Orc:2    | Killed an orc warlord
 16445 | Orc:2    | Found Geyhac's Antique Armour Shop.
 16494 | Orc:2    | Found Fimoq's Book Shoppe.
 16995 | Orc:2    | Reached XP level 16. HP: 130/130 MP: 24/26
 17097 | Orc:2    | Found a staircase to the Elven Halls.
 18655 | D:13     | Found a roughly hewn altar of Beogh.
 19877 | D:14     | Found a gate to the Vaults.
 19993 | D:15     | Entered Level 15 of the Dungeon
 20034 | D:15     | Noticed Oravi's ghost (adept MfTm)
 20122 | D:15     | Killed Oravi's ghost
 20274 | D:15     | Found a shadowy altar of Dithmenos.
 20752 | D:15     | Reached XP level 17. HP: 140/140 MP: 27/27
 20827 | D:15     | Noticed Louise
 20847 | D:15     | Killed Louise
 20972 | D:15     | Learned a level 4 spell: Passage of Golubria
 20973 | D:15     | Found a staircase to the Depths.
 21327 | Snake:1  | Entered Level 1 of the Snake Pit
 21359 | Snake:1  | Reached skill level 15 in Shields
 21590 | Snake:1  | Noticed Rupert
 21620 | Snake:1  | Killed Rupert
 22002 | Snake:1  | Gained mutation: You are resistant to hostile enchantments. (MR+) [potion of mutation]
 22002 | Snake:1  | Gained mutation: You are highly resistant to hostile enchantments. (MR++) [potion of mutation]
 22234 | Snake:2  | Noticed Kirke
 22255 | Snake:2  | Noticed Vashnia
 22266 | Snake:2  | Killed Kirke
 22266 | Snake:2  | Reached skill level 15 in Fighting
 22266 | Snake:2  | Reached skill level 15 in Armour
 22495 | Snake:2  | Learned a level 3 spell: Portal Projectile
 22664 | Snake:1  | Killed Vashnia
 22770 | Snake:2  | Noticed Asterion
 22797 | Snake:2  | You fall through a shaft!
 22797 | Snake:3  | Found Issoev's Weapon Boutique.
 22797 | Snake:3  | Found Hudablau's Armour Shop.
 22797 | Snake:3  | Found Kigetek's Distillery.
 22800 | Snake:3  | Found Aclitoat's Magic Scroll Shop.
 22853 | Snake:3  | Bought a scroll of enchant armour for 112 gold pieces
 22853 | Snake:3  | Bought a scroll of brand weapon for 300 gold pieces
 22853 | Snake:3  | Bought a scroll of enchant weapon for 112 gold pieces
 22853 | Snake:3  | Bought a scroll of enchant weapon for 112 gold pieces
 22860 | Snake:3  | Bought a potion of heal wounds for 80 gold pieces
 22892 | Snake:3  | Noticed an Executioner
 22897 | Snake:3  | You fall through a shaft!
 22897 | Snake:4  | Entered Level 4 of the Snake Pit
 22913 | Snake:4  | HP: 7/142 [naga sharpshooter/arrow (11)]
 22918 | Snake:4  | HP: 3/142 [poisoned by a naga ritualist (toxic radiance)]
 22918 | Snake:4  | Killed from afar by a naga ritualist

Skill      XL: |  1  2  3  4  5  6  7  8  9 10 11 12 13 14 15 16 17 |
---------------+----------------------------------------------------+-----
Long Blades    | 3 5 6 7 8 9 10 11 12 | 12.5
Shields        | 4 5 6 7 9 10 12 13 14 15 | 15.7
Fighting       | 4 5 7 8 10 11 12 13 14 15 | 15.2
Armour         | 4 5 7 8 10 11 12 13 14 15 | 15.2
Spellcasting   | 7 |  7.0
Invocations    | 8 |  8.0
Charms         | 5 6 |  6.0
Necromancy     | 5 9 |  9.0

Action                   |  1- 3 |  4- 6 |  7- 9 | 10-12 | 13-15 | 16-18 || total
-------------------------+-------+-------+-------+-------+-------+-------++-------
Melee: Long sword        |    73 |   127 |   397 |   760 |   555 |       ||  1912
       Rapier            |       |       |       |       |   923 |  1066 ||  1989
       Great sword       |       |       |       |       |       |    21 ||    21
 Cast: Regeneration      |       |       |       |       |    23 |    44 ||    67
       Animate Dead      |       |       |       |       |    34 |    22 ||    56
Invok: Minor Destruction |       |       |       |       |    56 |     7 ||    63
       Lesser Servant of |       |       |       |       |     7 |    10 ||    17
       Major Destruction |       |       |       |       |     1 |     1 ||     2
       Greater Servant o |       |       |       |       |       |     8 ||     8
 Abil: Dig               |     3 |     1 |       |     9 |     7 |     5 ||    25
       Shaft Self        |       |       |       |       |       |     2 ||     2
Evoke: Wand              |       |       |     6 |    15 |     8 |     1 ||    30
  Use: Scroll            |       |     3 |       |    13 |     7 |     1 ||    24
       Potion            |       |     1 |     5 |     3 |     3 |    12 ||    24
 Stab: Paralysed         |       |       |       |    15 |       |       ||    15
       Distracted        |       |       |       |       |     5 |     2 ||     7
  Eat: Chunk             |       |     2 |    10 |    15 |    25 |    11 ||    63
       Ration            |       |       |       |     1 |     3 |     6 ||    10
Armor: Scale mail        |    24 |    46 |   115 |       |   125 |   380 ||   690
       Plate armour      |       |       |    18 |   432 |   403 |       ||   853
Dodge: Dodged            |    23 |    44 |    95 |   186 |   338 |   277 ||   963
Block: Shield            |    22 |    63 |   159 |   539 |   879 |   445 ||  2107
       Large shield      |       |       |       |       |       |   395 ||   395
       Rpst.: Long sword |     6 |    12 |    31 |    56 |    22 |       ||   127
       Great sword       |       |       |       |       |       |     3 ||     3
